 Dungeon Crawl Stone Soup version 0.14.1 (webtiles) character file.

6686 Eyesburn the Conjurer (level 10, -2/54 HPs)
             Began as a Deep Elf Conjurer on Apr 30, 2014.
             Was a Follower of Cheibriados.
             Slain by an orc warrior
             ... wielding a +0,+0 flail
              (13 damage)
             ... on Level 10 of the Dungeon.
             The game lasted 01:47:38 (17107 turns).

Eyesburn the Conjurer (Deep Elf Conjurer)          Turns: 17107, Time: 01:47:38

HP  -2/54        AC  6     Str 15      XL: 10   Next: 63%
MP   2/28        EV 17     Int 23      God: Cheibriados [*.....]
Gold 381         SH 11     Dex 17      Spells:  6 memorised,  2 levels left

rFire  . . .     SeeInvis .     a - +2 scimitar (flame)
rCold  . . .     Clarity  .     L - +0 leather armour
rNeg   . . .     Conserve .     g - +0 buckler
rPois  .         rCorr    .     D - +0 helmet
rElec  .         rRot     .     t - +0 cloak
SustAb + .       Spirit   .     I - +0 pair of gloves
rMut   .         Warding  .     (no boots)
Gourm  +         Stasis   .     j - amulet of the gourmand
MR     +....                    (no ring)
                                y - ring of sustain abilities

@: mighty, very slow, somewhat resistant to hostile enchantments, quite stealthy
A: no striking features
a: Bend Time, Renounce Religion


You were on level 10 of the Dungeon.
You worshipped Cheibriados.
Cheibriados was aware of your devotion.
You were completely stuffed.

You visited 2 branches of the dungeon, and saw 11 of its levels.

You collected 439 gold pieces.
You spent 58 gold pieces at shops.

Inventory:

Hand weapons
 a - a +2,+2 scimitar of flaming (weapon)
 z - a +0,+1 battleaxe of chopping
 G - a +0,+0 dire flail
Armour
 g - a +0 buckler (worn)
 t - a +0 cloak (worn)
 A - the +2 ring mail of Vexation {rF+ Dam-3}
   (You found it on level 6 of the Dungeon)

   It affects your damage with ranged weapons and melee attacks (-3).
   It protects you from fire.
 D - a +0 helmet (worn)
 I - a +0 pair of gloves (worn)
 L - a +0 leather armour (worn)
Magical devices
 f - a wand of disintegration (11)
 i - a wand of lightning (6)
 C - a wand of slowing (10)
 E - a wand of confusion (13)
 J - a wand of lightning (2)
Comestibles
 h - 6 bread rations
 l - 3 rotting chunks of warg flesh
 r - a meat ration
 H - a rotting chunk of orc flesh
Scrolls
 b - a scroll of magic mapping
 k - 3 scrolls of recharging
 p - 5 scrolls of remove curse
 u - 2 scrolls of fog
 v - a scroll of amnesia
 w - 2 scrolls of enchant weapon I
Jewellery
 j - an amulet of the gourmand (around neck)
 x - an uncursed amulet of resist mutation
 y - a ring of sustain abilities (left hand)
Potions
 d - 3 potions of agility
 e - a potion of flight
 m - 4 potions of curing
 n - a potion of brilliance
 B - a potion of restore abilities
 K - a potion of haste {unknown}
Books
 c - a book of Conjurations

   Spells                             Type                      Level
   *Magic Dart                        Conjuration                  1
   *Searing Ray                       Conjuration                  2
   *Dazzling Spray                    Conjuration/Hexes            3
   *Fulminant Prism                   Conjuration/Hexes            4
   *Iskenderun's Mystic Blast         Conjuration                  4
   *Iskenderun's Battlesphere         Conjuration/Charms           5
 s - a book of Changes

   Spells                             Type                      Level
   Beastly Appendage                  Transmutation                1
   Sticks to Snakes                   Transmutation                2
   Spider Form                        Transmutation/Poison         3
   Ice Form                           Ice/Transmutation            4
   Blade Hands                        Transmutation                5


   Skills:
 - Level 2.3 Fighting
   Level 0.7 Bows
 - Level 8.0 Dodging
 - Level 5.5 Stealth
 + Level 4.9 Shields
 - Level 6.2 Spellcasting
 - Level 11.6 Conjurations
 - Level 4.5 Hexes
 - Level 7.2 Charms


You had 2 spell levels left.
You knew the following spells:

 Your Spells              Type           Power        Failure   Level  Hunger
a - Magic Dart            Conj           ####         1%          1    None
b - Searing Ray           Conj           ######       1%          2    None
c - Dazzling Spray        Conj/Hex       #####...     1%          3    #......
d - Iskenderun's Battles  Conj/Chrm      ######..     6%          5    #####..
e - Iskenderun's Mystic   Conj           ######..     1%          4    ###....
f - Fulminant Prism       Conj/Hex       #####.....   3%          4    ###....


Dungeon Overview and Level Annotations

Branches:
Dungeon (10/15)            Temple (1/1) D:4
    Orc: D:9-12        Lair: D:8-11

Altars:
Ashenzari
Cheibriados
Dithmenos
Elyvilon
Fedhas
Kikubaaqudgha
Makhleb
Nemelex Xobeh
Okawaru
Sif Muna
Trog
Vehumet
Xom
Yredelemnul
Zin
The Shining One

Shops:
D:4 :   D:8 [

Annotations:
D:7 1 exclusion


Message History

The orc warrior hits you with a hand axe.
* * * LOW HITPOINT WARNING * * *
The orc warrior misses you. The orc wizard hits you with a dagger.
* * * LOW HITPOINT WARNING * * *
Casting: Dazzling Spray
Confirm with . or Enter, or press ? or * to list all spells.
Aiming: Dazzling Spray
Press: ? - help, Shift-Dir - straight line, f/p - orc wizard
Aim: an orc wizard, wielding a dagger and wearing a robe (severely wounded, moving very quickly)
The spray of energy hits the orc wizard.
You kill the orc wizard!
Cheibriados thoroughly appreciates the change of pace.
Cheibriados raises the support of your attributes as your movement slows.
The spray of energy hits the orc warrior.
The orc warrior is heavily wounded.
The orc warrior is dazzled.
The spray of energy hits the orc warrior.
The orc warrior is lightly wounded.
The orc warrior is dazzled.
The orc warrior hits you with a flail!
You die...

#.≈≈≈≈≈≈≈≈≈.##
#.≈#######≈(.# ####
#.≈#.[..[#≈..## ...#
#.≈#.....#≈...#
...#####.≈#.....#≈...#
...+.....≈#.)...#≈...#
...#.....≈###'###≈...#
.....)...≈#...%)'[...#
########.≈#....o@o..##
#.≈###'###≈..# #.≈#}..
#≈..# #.≈#... #≈..#
#.≈#..$ #≈..# . #!..
#≈..# #### #≈..# ≈≈..#
.


You could see 2 orc warriors.

Vanquished Creatures
  A hill giant (D:10)
  Psyche (D:8)
  Grinder (D:5)
  A two-headed ogre (D:8)
  A wyvern (D:9)
  2 hippogriffs
  A steam dragon (D:8)
  4 wargs (D:10)
  3 sky beasts
  A water moccasin (D:6)
  An ice beast (D:8)
  2 phantoms (D:6)
  5 ogres
  4 orc warriors
  2 giant goldfish
  A centaur (D:5)
  A gnoll sergeant (D:6)
  A big kobold (D:8)
  6 giant frogs
  A scorpion (D:8)
  An electric eel (D:6)
  8 wights (D:7)
  5 jellies
  3 crimson imps
  2 goliath beetles
  A big fish (D:10)
  9 hounds
  5 orc priests
  A centaur skeleton (D:5)
  A centaur zombie (D:6)
  7 orc wizards
  2 iguanas (D:7)
  4 worker ants
  A sky beast zombie (D:5)
  An ogre skeleton (D:6)
  A hound zombie (D:7)
  7 gnolls
  7 adders
  A giant mite (D:7)
  5 worms
  A giant eyeball (D:9)
  4 giant geckos
  26 orcs
  A ball python (D:4)
  12 bats
  8 goblins
  22 hobgoblins
  5 jackals
  9 quokkas
  5 giant cockroaches
  A giant gecko zombie (D:6)
  5 giant newts
  A hobgoblin skeleton (D:9)
  A hobgoblin zombie (D:6)
  15 kobolds
  An orc skeleton (D:8)
  17 rats
  A rat zombie (D:5)
  A plant (D:6)
248 creatures vanquished.

Vanquished Creatures (others)
  3 jackals (D:2)
3 creatures vanquished.

Grand Total: 251 creatures vanquished

Notes
Turn   | Place    | Note
--------------------------------------------------------------
     0 | D:1      | Eyesburn, the Deep Elf Conjurer, began the quest for the Orb.
     0 | D:1      | Reached XP level 1. HP: 10/10 MP: 5/5
   504 | D:1      | Reached XP level 2. HP: 15/15 MP: 4/8
   543 | D:1      | Learned a level 2 spell: Searing Ray
   890 | D:1      | Reached skill level 5 in Conjurations
   890 | D:1      | Reached XP level 3. HP: 19/19 MP: 6/12
  1050 | D:1      | Learned a level 3 spell: Dazzling Spray
  2572 | D:2      | Reached XP level 4. HP: 24/24 MP: 7/15
  4233 | D:4      | Reached skill level 5 in Spellcasting
  4233 | D:4      | Reached XP level 5. HP: 28/28 MP: 14/19
  4246 | D:4      | Learned a level 5 spell: Iskenderun's Battlesphere
  4313 | D:4      | HP: 1/28 [hound (4)]
  4316 | D:4      | Reached skill level 6 in Conjurations
  4316 | D:4      | Reached skill level 1 in Charms
  4700 | D:4      | Noticed an ogre
  4711 | D:4      | Killed an ogre
  4711 | D:4      | Reached XP level 6. HP: 32/32 MP: 9/21
  4920 | D:4      | Found a staircase to the Ecumenical Temple.
  4937 | Temple   | Entered the Ecumenical Temple
  5555 | D:4      | Found Psotsel's Book Shoppe.
  5611 | D:5      | Entered Level 5 of the Dungeon
  5912 | D:5      | Reached skill level 7 in Conjurations
  6012 | D:5      | Reached skill level 5 in Charms
  6012 | D:5      | Reached XP level 7. HP: 13/36 MP: 10/22
  6428 | D:5      | Noticed Grinder
  6429 | D:5      | Paralysed by Grinder for 3 turns
  6442 | D:5      | Paralysed by Grinder for 4 turns
  6449 | D:5      | Killed Grinder
  6449 | D:5      | Reached skill level 8 in Conjurations
  6745 | D:6      | Got a faintly humming ring mail
  6763 | D:6      | Identified the +2 ring mail of Vexation {rF+ Dam-3} (You found it on level 6 of the Dungeon)
  6793 | D:6      | Learned a level 4 spell: Iskenderun's Mystic Blast
  7241 | D:6      | Reached XP level 8. HP: 23/41 MP: 13/25
  7888 | D:6      | Learned a level 4 spell: Fulminant Prism
  7926 | D:6      | Reached skill level 1 in Hexes
  8002 | D:6      | Reached skill level 9 in Conjurations
  9685 | D:6      | Reached skill level 10 in Conjurations
  9885 | D:6      | Reached XP level 9. HP: 42/45 MP: 9/27
 10901 | D:7      | Reached skill level 1 in Fighting
 10901 | D:7      | Reached skill level 5 in Dodging
 12213 | D:7      | Found a sparkling altar of Nemelex Xobeh.
 12217 | D:7      | Found a glowing silver altar of Zin.
 12223 | D:7      | Found a bloodstained altar of Trog.
 12223 | D:7      | Found a basalt altar of Yredelemnul.
 13010 | D:8      | Reached skill level 11 in Conjurations
 13348 | D:8      | Found Deyluat's Armour Emporium.
 13877 | D:8      | Reached XP level 10. HP: 50/54 MP: 3/28
 14227 | D:8      | Noticed Psyche
 14230 | D:8      | Killed Psyche
 14230 | D:8      | Reached skill level 5 in Stealth
 14801 | D:8      | Bought a +0 buckler for 58 gold pieces
 14930 | D:10     | Entered Level 10 of the Dungeon
 15118 | D:9      | Noticed a griffon
 16018 | Temple   | Became a worshipper of Cheibriados the Contemplative
 16202 | D:10     | Noticed a hill giant
 16210 | D:10     | Killed a hill giant
 17107 | D:10     | Slain by an orc warrior

Action                   |  1- 3 |  4- 6 |  7- 9 | 10-12 || total
-------------------------+-------+-------+-------+-------++-------
Melee: Quarterstaff      |       |       |     7 |       ||     7
       Mace              |       |       |    52 |     5 ||    57
       Spear             |       |       |    12 |       ||    12
       Scimitar          |       |       |       |    28 ||    28
 Fire: Bow               |     4 |    33 |    45 |       ||    82
 Cast: Magic Dart        |    60 |    67 |   225 |    44 ||   396
       Searing Ray       |     3 |     3 |    26 |     2 ||    34
       Dazzling Spray    |     2 |    12 |   104 |    31 ||   149
       Iskenderun's Myst |       |       |    11 |     3 ||    14
       Iskenderun's Batt |       |       |     6 |     5 ||    11
Evoke: Wand              |       |     1 |     2 |     3 ||     6
  Use: Scroll            |     7 |     4 |     9 |     6 ||    26
       Potion            |       |     1 |     1 |     7 ||     9
 Stab: Invisible         |       |       |     6 |       ||     6
